 Dungeon Crawl Stone Soup version 0.20-a0-507-gc86f373 (webtiles) character file.

33295 nono the Nimble (level 14, 0/98 HPs)
             Began as a Halfling Assassin on Jan 21, 2017.
             Was a Follower of Uskayaw.
             Slain by a death yak (9 damage)
             ... on level 6 of the Lair of Beasts.
             The game lasted 01:26:12 (20121 turns).

nono the Nimble (Halfling Assassin)                Turns: 20121, Time: 01:26:13

Health: 0/98       AC: 21    Str: 20    XL:     14   Next: 7%
Magic:  19/19      EV:  3    Int: 11    God:    Uskayaw [*.....]
Gold:   346        SH:  0    Dex: 17    Spells: 13/13 levels left

rFire    + . .     SeeInvis .   p - +1 long sword (drain)
rCold    + . .     Gourm    .   s - +0 plate armour
rNeg     + + +     Faith    +   B - +0 buckler (curse)
rPois    ∞         Spirit   .   N - +0 helmet
rElec    .         Reflect  .   k - +1 cloak "Cauclysa" {rF+ Str+4 Int+2}
rCorr    .         Harm     .   R - +0 pair of gloves
MR       +....                  A - +0 pair of boots
Stlth    ..........             C - amulet of faith
Regen    0.3/turn               z - ring of protection from cold
                                Y - ring of stealth

@: petrified
A: mutation resistance 1
a: Stomp, Renounce Religion


You were on level 6 of the Lair of Beasts.
You worshipped Uskayaw.
Uskayaw was noncommittal.
You were very hungry.

You visited 3 branches of the dungeon, and saw 17 of its levels.

You collected 765 gold pieces.
You spent 419 gold pieces at shops.

Inventory:

Hand Weapons
 a - a +1 dagger of venom
 b - a +2 dagger of draining
 p - a +1 long sword of draining (weapon)
 E - a +0 blowgun
Missiles
 e - 54 poisoned needles
 u - 164 sling bullets
Armour
 k - the +1 cloak "Cauclysa" (worn) {rF+ Str+4 Int+2}
   (You found it on level 3 of the Lair of Beasts)

   It affects your strength (+4).
   It affects your intelligence (+2).
   It protects you from fire.
 s - a +0 plate armour (worn)
 A - a +0 pair of boots (worn)
 B - a cursed +0 buckler (worn)
 N - a +0 helmet (worn)
 R - a +0 pair of gloves (worn)
 X - the +2 ring mail of the Orb Guardian {-Tele +Fly rElec}
   (You found it on level 1 of the Lair of Beasts)

   It insulates you from electricity.
   It lets you fly.
   It prevents most forms of teleportation.
Jewellery
 f - an uncursed ring of protection from cold
 y - an uncursed amulet of the gourmand
 z - a ring of protection from cold (right hand)
 C - an amulet of faith (around neck)
 F - an uncursed ring of protection from fire
 I - a +2 ring of evasion
 M - an uncursed amulet of guardian spirit
 S - an uncursed ring of see invisible
 Y - a ring of stealth (left hand)
 Z - an uncursed ring of protection from cold
Wands
 c - a wand of disintegration (16/24)
 q - a wand of lightning (10/15)
 O - a wand of disintegration (0/24)
 Q - a wand of acid (11/15)
 U - a wand of paralysis (10/24)
Scrolls
 h - 4 scrolls of magic mapping
 l - 3 scrolls of remove curse
 r - 5 scrolls of amnesia
 w - a scroll of identify
 D - 2 scrolls of recharging
 G - a scroll of brand weapon
Potions
 m - a potion of haste
 n - 2 potions of agility
 L - 2 potions of magic
 T - 3 potions of flight
Books
 J - a book of Maledictions

   Spells                             Type                      Level
   a - Corona                         Hexes                        1
   b - Ensorcelled Hibernation        Hexes/Ice                    2
   c - Confuse                        Hexes                        3
   d - Tukima's Dance                 Hexes                        3
   e - Dazzling Spray                 Conjuration/Hexes            3
 P - a book of Necromancy

   Spells                             Type                      Level
   a - Pain                           Necromancy                   1
   b - Animate Skeleton               Necromancy                   1
   c - Vampiric Draining              Necromancy                   3
   d - Regeneration                   Charms/Necromancy            3
   e - Animate Dead                   Necromancy                   4
   f - Control Undead                 Necromancy                   4
Miscellaneous
 W - a phial of floods (inert)
Comestibles
 g - 12 bread rations
 i - 7 meat rations
 o - 3 royal jellies
 v - 9 fruits


   Skills:
 - Level 9.7 Fighting
 - Level 2.4(8.0) Short Blades
 + Level 10.0(10.1) Long Blades
 - Level 2.0 Throwing
 + Level 10.8 Armour
 + Level 11.0 Dodging
 - Level 4.3 Stealth
 + Level 10.0 Shields
 + Level 7.9 Invocations


You had 13 spell levels left.
You didn't know any spells.

Dungeon Overview and Level Annotations

Branches:
Dungeon (10/15)            Temple (1/1) D:5            Lair (6/6) D:10
 Shoals (0/4) Lair:2        Snake (0/4) Lair:3        Slime (0/5) Lair:5
    Orc: D:9-12

Altars:
Ashenzari
Cheibriados
Dithmenos
Elyvilon
Fedhas
Gozag
Hepliaklqana
Kikubaaqudgha
Makhleb
Nemelex Xobeh
Okawaru
Qazlal
Ru
Sif Muna
Trog
Uskayaw
Vehumet
Xom
Yredelemnul
Zin
The Shining One

Shops:
D:7 *

Annotations:
D:4 Feta's ghost, amateur HOFi
D:5 Menkaure


Innate Abilities, Weirdness & Mutations

You are small and have problems with some larger weapons.
You are somewhat resistant to further mutation.


Message History

The death yak gores you!
* * * LOW HITPOINT WARNING * * *
The yak gores the fungus!
The basilisk bites you.
* * * LOW HITPOINT WARNING * * *
The crocodile bites you but does no damage.
The yak gores you but does no damage.
The death yak gores you but does no damage.
The yak gores the fungus!
The fungus is destroyed!
The basilisk bites you.
* * * LOW HITPOINT WARNING * * *
The crocodile bites you but does no damage.
The yak gores you but does no damage.
The death yak gores you but does no damage.
The basilisk bites you!
* * * LOW HITPOINT WARNING * * *
The crocodile bites you.
* * * LOW HITPOINT WARNING * * *
The yak gores you but does no damage. The death yak gores you!!
You die...

.. ..... .. ....# ##.#
....# ##.#. #....##
......##.#..###.......
.......................
...............l.t......
...............Y@.......
.........#.#...Y##...#..
..........##..Y## ..#
.........##..YY.# ..#
................# .#
.........###[..## ..
.........##....# #
.........###...#
........Y###...#


You could see 3 death yaks, 2 yaks, a basilisk and a crocodile.

Vanquished Creatures
  Kirke (Lair:4)
  Harold (Lair:4)
  A hydra (Lair:2)
  Pikel (D:8)
  6 elephants
  A centaur zombie (D:8)
  A merfolk siren (Lair:2)
  A black mamba (Lair:2)
  10 spiny frogs
  3 rime drakes
  7 komodo dragons
  3 merfolk (Lair:2)
  10 blink frogs
  4 polar bears
  3 dream sheep
  10 hippogriffs
  A spriggan (Lair:5)
  46 yaks
  A wyvern (Lair:1)
  2 fire bats (Lair:5)
  A basilisk (Lair:2)
  Grum (D:8)
  A steam dragon (D:9)
  A naga (Lair:3)
  Edmund (D:6)
  8 porcupines
  16 water moccasins
  2 orc warriors
  A sky beast (D:9)
  2 ice beasts
  A black bear (Lair:3)
  7 ogres
  A phantom (D:7)
  A necrophage (D:6)
  2 centaurs
  17 wolves
  6 crocodiles
  12 bullfrogs
  A water moccasin zombie (D:6)
  3 scorpions
  3 wights (D:10)
  A howler monkey (D:8)
  5 crimson imps
  2 lava snakes (D:9)
  A bullfrog zombie (D:8)
  2 quasits
  4 orc priests
  5 jellies
  3 centaur skeletons
  7 hounds
  7 orc wizards
  2 bullfrog skeletons
  An iguana (D:6)
  7 worker ants
  A killer bee zombie (D:8)
  2 howler monkey zombies
  A howler monkey skeleton (D:8)
  16 adders
  A gnoll (D:1)
  4 shadow imps
  4 oozes
  An adder zombie (D:9)
  2 adder skeletons
  2 worms
  3 dart slugs
  6 leopard geckos
  36 orcs
  2 ball pythons
  11 giant cockroaches
  5 hobgoblins
  9 jackals
  12 kobolds
  4 quokkas
  A ball python zombie (D:5)
  8 bats
  7 frilled lizards
  7 goblins
  A leopard gecko skeleton (D:8)
  A leopard gecko zombie (D:8)
  7 rats
  A spectral orc (D:4)
  A plant (Lair:3)
404 creatures vanquished.

Vanquished Creatures (collateral kills)
  An electric eel (Lair:2)
1 creature vanquished.

Vanquished Creatures (others)
  A wizard (D:4)
  5 humans (Lair:4)
  4 slaves (D:8)
  A wolf (D:8)
  4 electric eels (D:8)
  A jelly (D:8)
  An adder (D:8)
  2 orcs (D:8)
  14 fungi
  25 plants
58 creatures vanquished.

Grand Total: 463 creatures vanquished

Notes
Turn   | Place    | Note
-------+----------+-------------------------------------------
     0 | D:1      | nono the Halfling Assassin began the quest for the Orb.
     0 | D:1      | Reached XP level 1. HP: 14/14 MP: 1/1
   264 | D:1      | Reached skill level 2 in Dodging
   351 | D:1      | Reached XP level 2. HP: 16/19 MP: 2/2
   668 | D:1      | Reached XP level 3. HP: 24/24 MP: 3/3
   819 | D:1      | Reached skill level 1 in Armour
   864 | D:1      | Reached skill level 3 in Dodging
  1101 | D:2      | Reached XP level 4. HP: 29/29 MP: 4/4
  1300 | D:2      | Found an ancient bone altar of Kikubaaqudgha.
  1312 | D:2      | Found a snail-covered altar of Cheibriados.
  1547 | D:2      | Found a shattered altar of Ashenzari.
  1974 | D:3      | Reached XP level 5. HP: 33/34 MP: 5/5
  1996 | D:3      | Reached skill level 4 in Dodging
  2492 | D:3      | Reached XP level 6. HP: 30/39 MP: 6/6
  2881 | D:4      | Reached skill level 5 in Dodging
  2912 | D:4      | Noticed Feta's ghost (amateur HOFi)
  2993 | D:4      | Reached skill level 1 in Long Blades
  3214 | D:4      | Found a bloodstained altar of Trog.
  3215 | D:4      | Noticed a wizard
  3221 | D:4      | Killed a wizard
  3351 | D:4      | Reached XP level 7. HP: 43/44 MP: 7/7
  3496 | D:4      | Found a blossoming altar of Fedhas.
  3643 | D:4      | Found a basalt altar of Yredelemnul.
  3707 | D:5      | Entered Level 5 of the Dungeon
  3805 | D:5      | Found a white marble altar of Elyvilon.
  3857 | D:5      | Reached skill level 5 in Armour
  3880 | D:5      | Reached XP level 8. HP: 30/49 MP: 8/8
  4097 | D:5      | Noticed Menkaure
  4343 | D:5      | Found a staircase to the Ecumenical Temple.
  4353 | Temple   | Entered the Ecumenical Temple
  4428 | Temple   | Became a worshipper of Uskayaw the Reveler
  4502 | D:5      | Reached * piety under Uskayaw
  4602 | D:5      | Reached skill level 1 in Shields
  5056 | D:6      | Reached ** piety under Uskayaw
  5180 | D:6      | Reached *** piety under Uskayaw
  5187 | D:6      | Reached **** piety under Uskayaw
  5342 | D:6      | Noticed a blizzard demon
  5343 | D:6      | Found a burning altar of Makhleb.
  5346 | D:6      | Found a glowing silver altar of Zin.
  5346 | D:6      | Noticed an angel
  5464 | D:6      | Reached skill level 6 in Dodging
  5650 | D:6      | Noticed Edmund
  5675 | D:6      | Killed Edmund
  5682 | D:6      | Reached XP level 9. HP: 23/54 MP: 9/9
  5682 | D:6      | Reached ***** piety under Uskayaw
  5952 | D:6      | Reached skill level 5 in Long Blades
  6401 | D:7      | Found Juysiodd's Island Escapes.
  6477 | D:7      | Reached skill level 5 in Shields
  6788 | D:7      | Noticed a hippogriff
  6812 | D:7      | Killed a hippogriff
  6812 | D:7      | Reached skill level 7 in Dodging
  7153 | D:8      | Noticed a hippogriff
  7198 | D:8      | Killed a hippogriff
  7198 | D:8      | Reached skill level 1 in Invocations
  7496 | D:8      | HP: 2/54 [orc/wand of lightning (?/15) (23)]
  7801 | D:8      | Reached XP level 10. HP: 48/60 MP: 11/11
  8174 | D:8      | Noticed Pikel
  8175 | D:8      | Noticed Grum
  8185 | D:8      | Reached skill level 8 in Dodging
  8234 | D:8      | Killed Pikel
  8253 | D:8      | Killed Grum
  8741 | D:8      | Noticed a two-headed ogre
  9807 | D:9      | Noticed a two-headed ogre
  9809 | D:10     | Entered Level 10 of the Dungeon
 10560 | D:9      | Found a glowing golden altar of the Shining One.
 11391 | D:10     | Found a staircase to the Lair.
 11404 | Lair:1   | Entered Level 1 of the Lair of Beasts
 11548 | Lair:1   | Reached XP level 11. HP: 49/64 MP: 14/14
 11861 | Lair:1   | Reached skill level 5 in Invocations
 12105 | Lair:1   | Reached skill level 9 in Dodging
 12116 | Lair:1   | Reached ****** piety under Uskayaw
 12410 | Lair:1   | Got a crude ring mail
 12421 | Lair:1   | Identified the +2 ring mail of the Orb Guardian {-Tele +Fly rElec} (You found it on level 1 of the Lair of Beasts)
 12590 | D:7      | Bought a scroll of blinking for 112 gold pieces
 12590 | D:7      | Bought a scroll of teleportation for 45 gold pieces
 12590 | D:7      | Bought an uncursed ring of stealth for 262 gold pieces
 13401 | Lair:2   | Reached skill level 5 in Fighting
 13526 | Lair:2   | Noticed an elephant
 13528 | Lair:2   | Noticed an elephant
 13529 | Lair:2   | Noticed an elephant
 13533 | Lair:2   | Noticed an elephant
 13533 | Lair:2   | Noticed an elephant
 13558 | Lair:2   | Killed an elephant
 13562 | Lair:2   | Killed an elephant
 13573 | Lair:2   | Killed an elephant
 13588 | Lair:2   | Killed an elephant
 13611 | Lair:2   | Killed an elephant
 13744 | Lair:2   | Reached XP level 12. HP: 51/80 MP: 16/16
 14393 | Lair:2   | Noticed a five-headed hydra
 14404 | Lair:2   | Killed a five-headed hydra
 14865 | Lair:2   | Found a staircase to the Shoals.
 15408 | Lair:3   | Found a blossoming altar of Fedhas.
 15433 | Lair:3   | Got a brightly glowing cloak
 15941 | Lair:2   | HP: 4/87 [porcupine (3)]
 15947 | Lair:1   | HP: 3/87 [poisoned by a spiny frog]
 15955 | Lair:1   | HP: 3/87 [poisoned by a spiny frog]
 16480 | Lair:3   | Reached XP level 13. HP: 91/91 MP: 17/17
 16521 | Lair:3   | Found a staircase to the Snake Pit.
 17114 | Lair:4   | Noticed an eight-headed hydra
 17462 | Lair:4   | Noticed Harold
 17481 | Lair:4   | Killed Harold
 17481 | Lair:4   | Reached skill level 10 in Dodging
 17684 | Lair:4   | Noticed Kirke
 17695 | Lair:4   | Noticed a sphinx
 17932 | Lair:4   | Noticed a sphinx
 17937 | Lair:4   | Killed Kirke
 17985 | Lair:4   | Reached skill level 10 in Armour
 18044 | Lair:4   | Identified the +1 cloak "Cauclysa" {rF+ Str+4 Int+2} (You found it on level 3 of the Lair of Beasts)
 18936 | Lair:4   | Noticed a six-headed hydra
 19723 | Lair:5   | Reached XP level 14. HP: 63/98 MP: 5/19
 19899 | Lair:5   | Found a staircase to the Slime Pits.
 19997 | Lair:5   | Reached skill level 11 in Dodging
 20034 | Lair:5   | Reached skill level 10 in Long Blades
 20056 | Lair:6   | Entered Level 6 of the Lair of Beasts
 20057 | Lair:6   | Reached skill level 10 in Shields
 20121 | Lair:6   | Slain by a death yak

Vault maps used:
D:1:      mrwooster_arrival_statue_3, hangedman_decor_points
D:2:      kiku_gazebo_garden_becter, nicolae_ashenzari_panopticon,
          overflow_temple_1_default
D:3:      first_bread
D:4:      kennysheep_little_box, yredelemnul_forgotten_temple_becter,
          trog_wizard
D:5:      nicolae_overflow_crystal_walls, uniq_menkaure
D:6:      grunt_temple_overflow_order_and_chaos_2, uniq_edmund
D:7:      grunt_ogre_cave, nicolae_island_escapes
D:8:      serial_bayou, serial_bayou_lagoon_b, serial_bayou_lagoon_a,
          serial_bayou_pond_d, serial_bayou_pond_b, uniq_pikel, uniq_grum
D:9:      old_standard_altar
D:10:     lair_entry_dummy
Temple:   nicolae_temple_hex_pool
Lair:1:   grunt_megastairs_5
Lair:2:   elwin_shoals_entry_stream, serial_bayou_shore_b,
          infiniplex_staircase_pool, grunt_megastairs_2, lemuel_fruit_tree
Lair:3:   wad_woods_stonehenge, minmay_snake_entry_six_corridors
Lair:4:   uniq_kirke, uniq_harold
Lair:5:   dpeg_slime_entry_corner, grunt_forest_stairs_clearing,
          serial_bayou_shore_a, grunt_megastairs_1
Lair:6:   evilmike_catoblepas_cave

Skill      XL: |  1  2  3  4  5  6  7  8  9 10 11 12 13 14 |
---------------+-------------------------------------------+-----
Dodging        | 2 3 4 5 6 7 8 9 10 11 | 11.0
Armour         | 1 2 3 4 5 7 8 9 10 | 10.8
Long Blades    | 1 3 4 6 7 8 9 10 | 10.0
Shields        | 4 6 7 8 9 10 | 10.0
Invocations    | 2 4 5 6 7 |  7.9
Fighting       | 6 9 |  9.7
Short Blades   | |  2.4
Throwing       | |  2.0
Stealth        | |  4.3

Action                   |  1- 3 |  4- 6 |  7- 9 | 10-12 | 13-15 || total
-------------------------+-------+-------+-------+-------+-------++-------
Melee: Dagger            |    84 |   319 |   431 |   616 |    45 ||  1495
       Long sword        |       |       |    48 |   489 |   411 ||   948
 Fire: Blowgun           |       |     1 |       |     2 |       ||     3
Invok: Stomp             |       |       |       |    12 |     3 ||    15
       Line Pass         |       |       |       |     2 |       ||     2
       Grand Finale      |       |       |       |       |     2 ||     2
 Abil: Evoke Flight      |       |       |       |     1 |       ||     1
Evoke: Wand              |       |       |       |     2 |     2 ||     4
       Phial of floods   |       |       |       |     1 |     1 ||     2
  Use: Scroll            |     1 |     6 |     3 |     9 |     5 ||    24
       Potion            |       |     4 |     4 |     4 |     9 ||    21
 Stab: Sleeping          |     5 |       |     5 |     4 |       ||    14
       Paralysed         |       |       |     5 |    32 |    18 ||    55
       Confused          |       |       |       |     1 |       ||     1
       Distracted        |       |       |       |       |     1 ||     1
  Eat: Chunk             |     1 |     6 |    18 |    25 |     8 ||    58
       Fruit             |       |       |     3 |     3 |       ||     6
       Meat ration       |       |       |       |     1 |     1 ||     2
Armor: Robe              |    11 |       |       |       |       ||    11
       Ring mail         |    21 |    63 |   106 |    27 |       ||   217
       Skin              |       |     9 |       |       |       ||     9
       Chain mail        |       |       |    52 |    49 |       ||   101
       Plate armour      |       |       |       |   267 |   254 ||   521
Dodge: Dodged            |    55 |   175 |   316 |   507 |   334 ||  1387
Block: Buckler           |       |       |    90 |   314 |   221 ||   625
       Rpst.: Long sword |       |       |    15 |    66 |    72 ||   153
